PBL
PARIS CUBS @ WINNIPEG GOLDEYES
09/26/2049
 
TOP OF THE 1ST
Paris Cubs batting - Pitching for Winnipeg Goldeyes : RHP Gregg Edwards
Pitching: RHP Gregg Edwards
Batting: RHB Willie Rubio 0-0: Ball
1-0: Ground out 6-3 (Groundball, 6, EV 109.4 MPH)
Batting: RHB Michihisa Tanaka 0-0: Ball
1-0: Swinging Strike
1-1: Foul Ball, location: 2F
1-2: Ball
2-2: Ball
3-2: Ground out 5-3 (Groundball, 56, EV 105.6 MPH)
Batting: LHB Jeremy Rideout 0-0: Fly out, F9 (Flyball, 9, EV 87.5 MPH)
Top of the 1st over - 0 runs, 0 hits, 0 errors, 0 left on base; Paris 0 - Winnipeg 0
BOTTOM OF THE 1ST
Winnipeg Goldeyes batting - Pitching for Paris Cubs : RHP Chris P. Shephard
Pitching: RHP Chris P. Shephard
Batting: RHB Settan Nakamura 0-0: Swinging Strike
0-1: Ball
1-1: Fly out, F8 (Line Drive, 8LM, EV 95.0 MPH)
Batting: SHB Rodrigo Mendoza 0-0: Called Strike
0-1: Fly out, F8 (Flyball, 8LM, EV 90.6 MPH)
Batting: RHB Terry Oetker 0-0: Called Strike
0-1: Ball
1-1: Foul Ball, location: 2F
1-2: Strikes out swinging
Bottom of the 1st over - 0 runs, 0 hits, 0 errors, 0 left on base; Paris 0 - Winnipeg 0
TOP OF THE 2ND
Paris Cubs batting - Pitching for Winnipeg Goldeyes : RHP Gregg Edwards
Batting: LHB David Mendez 0-0: Ground out 4-3 (Groundball, 34D, EV 105.6 MPH)
Batting: RHB Jesus Resendez 0-0: Ball
1-0: Foul Ball, location: 2F
1-1: Ball
2-1: Fly out, F9 (Flyball, 9, EV 95.6 MPH)
Batting: LHB Cameron Marinelli 0-0: Ball
1-0: Called Strike
1-1: SINGLE (Flyball, 78S, EV 91.2 MPH)
Batting: RHB Jason Banks 0-0: Swinging Strike
0-1: Called Strike
0-2: Strikes out swinging
Top of the 2nd over - 0 runs, 1 hit, 0 errors, 1 left on base; Paris 0 - Winnipeg 0
BOTTOM OF THE 2ND
Winnipeg Goldeyes batting - Pitching for Paris Cubs : RHP Chris P. Shephard
Batting: SHB Victor Turrubiate 0-0: Ball
1-0: Ball
2-0: Foul Ball, location: 2F
2-1: Fly out, F7 (Line Drive, 7D, EV 95.0 MPH)
Batting: RHB Itocravo Arrochela 0-0: Called Strike
0-1: Swinging Strike
0-2: Ball
1-2: Ball
2-2: Strikes out swinging
Batting: RHB Mike Berzins 0-0: Ball
1-0: Ball
2-0: Ball
3-0: Foul Ball, location: 2F
3-1: Called Strike
3-2: SINGLE (Line Drive, 7S, EV 100.6 MPH)
Batting: SHB Tim Lloyd Pickoff Throw to First - Out! 1-3
Bottom of the 2nd over - 0 runs, 1 hit, 0 errors, 0 left on base; Paris 0 - Winnipeg 0
TOP OF THE 3RD
Paris Cubs batting - Pitching for Winnipeg Goldeyes : RHP Gregg Edwards
Batting: LHB Bobby Marlatt 0-0: Foul Ball, location: 2F
0-1: Ball
1-1: Ball
2-1: Ball
3-1: Foul Ball, location: 2F
3-2: Fly out, F4 (Line Drive, 34D, EV 63.1 MPH)
Batting: RHB Mike Prado 0-0: Foul Ball, location: 2F
0-1: Foul Ball, location: 2F
0-2: Ball
1-2: Strikes out looking
Batting: RHB Willie Rubio 0-0: Fly out, F7 (Flyball, 78S, EV 87.5 MPH)
Top of the 3rd over - 0 runs, 0 hits, 0 errors, 0 left on base; Paris 0 - Winnipeg 0
BOTTOM OF THE 3RD
Winnipeg Goldeyes batting - Pitching for Paris Cubs : RHP Chris P. Shephard
Batting: SHB Tim Lloyd 0-0: Called Strike
0-1: Called Strike
0-2: Foul Ball, location: 2F
0-2: Foul Ball, location: 2F
0-2: Foul Ball, location: 2F
0-2: Foul Ball, location: 2F
0-2: Ball
1-2: Foul Ball, location: 2F
1-2: Foul Ball, location: 2F
1-2: Ball
2-2: SINGLE (Groundball, 6D, EV 105.0 MPH)
Batting: RHB Yu-zeng Mai 0-0: Ball
1-0: Ball
2-0: Ball
3-0: Base on Balls
Tim Lloyd to second
Batting: RHB Justin Palko 0-0: Called Strike
0-1: Ball
1-1: Foul Ball, location: 2F
1-2: SINGLE (Line Drive, 56, EV 103.8 MPH)
Tim Lloyd to third
Yu-zeng Mai to second
Batting: RHB Settan Nakamura 0-0: Ball
Wild Pitch!
Tim Lloyd scores
Yu-zeng Mai to third
Justin Palko to second
1-0: 3-RUN HOME RUN (Flyball, 7LD, EV 93.8 MPH), Distance : 357 ft
Batting: SHB Rodrigo Mendoza 0-0: Ball
1-0: Fly out, F8 (Flyball, 8LS, EV 89.4 MPH)
Batting: RHB Terry Oetker 0-0: Ball
1-0: Foul Ball, location: 2F
1-1: Ball
2-1: Foul Ball, location: 2F
2-2: SINGLE (Line Drive, 7S, EV 107.5 MPH)
Batting: SHB Victor Turrubiate 0-0: Ball
1-0: Fly out, F7 (Flyball, 7D, EV 94.4 MPH)
Batting: RHB Itocravo Arrochela 0-0: Swinging Strike
0-1: Ball
1-1: Swinging Strike
1-2: Ball
2-2: SINGLE (Flyball, 7LS, EV 91.2 MPH)
Terry Oetker to second
Batting: RHB Mike Berzins 0-0: SINGLE (Groundball, 56D, EV 101.9 MPH) (infield hit)
Terry Oetker to third
Itocravo Arrochela to second
Batting: SHB Tim Lloyd 0-0: Called Strike
0-1: Ball
1-1: Ball
2-1: Foul Ball, location: 2F
2-2: Strikes out looking
Bottom of the 3rd over - 4 runs, 6 hits, 0 errors, 3 left on base; Paris 0 - Winnipeg 4
TOP OF THE 4TH
Paris Cubs batting - Pitching for Winnipeg Goldeyes : RHP Gregg Edwards
Batting: RHB Michihisa Tanaka 0-0: Called Strike
0-1: Foul Ball, location: 2F
0-2: Fly out, F8 (Flyball, 8RM, EV 83.8 MPH)
Batting: LHB Jeremy Rideout 0-0: Ball
1-0: Called Strike
1-1: Swinging Strike
1-2: Ball
2-2: Ball
3-2: Base on Balls
Batting: LHB David Mendez 0-0: Called Strike
0-1: Fly out, F5 (Popup, 56, EV 77.5 MPH)
Batting: RHB Jesus Resendez 0-0: 2-RUN HOME RUN (Flyball, 7D, EV 103.1 MPH), Distance : 388 ft
Batting: LHB Cameron Marinelli 0-0: Ball
1-0: Swinging Strike
1-1: Foul Ball, location: 2F
1-2: Foul Ball, location: 2F
1-2: Ball
2-2: Ground out U3 (Groundball, 34, EV 90.6 MPH)
Top of the 4th over - 2 runs, 1 hit, 0 errors, 0 left on base; Paris 2 - Winnipeg 4
BOTTOM OF THE 4TH
Winnipeg Goldeyes batting - Pitching for Paris Cubs : RHP Chris P. Shephard
Batting: RHB Yu-zeng Mai 0-0: Called Strike
0-1: Ball
1-1: Swinging Strike
1-2: Ball
2-2: Reached on error, E6 (Groundball, 6, EV 88.1 MPH)
Batting: RHB Justin Palko 0-0: Swinging Strike
0-1: Fly out, F7 (Flyball, 7, EV 91.9 MPH)
Batting: RHB Settan Nakamura 0-0: Ball
1-0: Called Strike
1-1: Foul Ball, location: 2F
1-2: Ball
2-2: Foul Ball, location: 2F
2-2: Strikes out swinging
Batting: SHB Rodrigo Mendoza 0-0: Ball
1-0: Called Strike
1-1: Ball
2-1: Ball
3-1: Swinging Strike
3-2: Base on Balls
Pitching: RHP Brian Jarrett
Batting: RHB Terry Oetker 0-0: Foul Ball, location: 2F
0-1: Ball
1-1: Swinging Strike
1-2: Ground out 3-1 (Groundball, 34S, EV 61.2 MPH)
Bottom of the 4th over - 0 runs, 0 hits, 1 error, 2 left on base; Paris 2 - Winnipeg 4
TOP OF THE 5TH
Paris Cubs batting - Pitching for Winnipeg Goldeyes : RHP Gregg Edwards
Batting: RHB Jason Banks 0-0: Foul Ball, location: 2F
0-1: Foul Ball, location: 2F
0-2: Fly out, F9 (Flyball, 89S, EV 83.1 MPH)
Batting: LHB Bobby Marlatt 0-0: Ball
1-0: Swinging Strike
1-1: Ball
2-1: Called Strike
2-2: Ball
3-2: Foul Ball, location: 2F
3-2: Foul Ball, location: 2F
3-2: Foul Ball, location: 2F
3-2: Base on Balls
Batting: RHB Mike Prado 0-0: Ball
1-0: Swinging Strike
1-1: Ball
2-1: Ball
3-1: Swinging Strike
3-2: Fly out, F8 (Flyball, 8LS, EV 83.1 MPH)
Batting: RHB Willie Rubio 0-0: Ball
1-0: Ball
2-0: Ground out 5-3 (Groundball, 5S, EV 85.6 MPH)
Top of the 5th over - 0 runs, 0 hits, 0 errors, 1 left on base; Paris 2 - Winnipeg 4
BOTTOM OF THE 5TH
Winnipeg Goldeyes batting - Pitching for Paris Cubs : RHP Brian Jarrett
Batting: SHB Victor Turrubiate 0-0: Ball
1-0: Foul Ball, location: 2F
1-1: Foul Ball, location: 2F
1-2: SOLO HOME RUN (Flyball, 9D, EV 100.0 MPH), Distance : 402 ft
Batting: RHB Itocravo Arrochela 0-0: Ball
1-0: Ball
2-0: Swinging Strike
2-1: Foul Ball, location: 2F
2-2: Strikes out swinging
Batting: RHB Mike Berzins 0-0: Foul Ball, location: 2F
0-1: Swinging Strike
0-2: Strikes out swinging
Batting: SHB Tim Lloyd 0-0: Ball
1-0: Ball
2-0: Foul Ball, location: 2F
2-1: Foul Ball, location: 2F
2-2: Ball
3-2: Foul Ball, location: 2F
3-2: SINGLE (Line Drive, 4D, EV 101.2 MPH)
Pitching: RHP Steve Flynn
Batting: RHB Yu-zeng Mai 0-0: Fielders Choice at 2nd, 6-4 (Groundball, 56, EV 92.5 MPH)
Bottom of the 5th over - 1 run, 2 hits, 0 errors, 1 left on base; Paris 2 - Winnipeg 5
TOP OF THE 6TH
Paris Cubs batting - Pitching for Winnipeg Goldeyes : RHP Gregg Edwards
Batting: RHB Michihisa Tanaka 0-0: Ball
1-0: Called Strike
1-1: Foul Ball, location: 2F
1-2: Ball
2-2: Strikes out swinging
Batting: LHB Jeremy Rideout 0-0: Called Strike
0-1: Fly out, F7 (Line Drive, 7LS, EV 96.9 MPH)
Batting: LHB David Mendez 0-0: Ball
1-0: Foul Ball, location: 2F
1-1: Foul Ball, location: 2F
1-2: Ground out 1-3 (Groundball, 13S, EV 73.8 MPH)
Top of the 6th over - 0 runs, 0 hits, 0 errors, 0 left on base; Paris 2 - Winnipeg 5
BOTTOM OF THE 6TH
Winnipeg Goldeyes batting - Pitching for Paris Cubs : RHP Steve Flynn
Batting: RHB Justin Palko 0-0: Ball
1-0: Called Strike
1-1: Fly out, F8 (Flyball, 8RD, EV 101.2 MPH)
Batting: RHB Settan Nakamura 0-0: Foul Ball, location: 2F
0-1: Foul Ball, location: 2F
0-2: Ball
1-2: Ball
2-2: Foul Ball, location: 2F
2-2: DOUBLE (Flyball, 78D, EV 91.9 MPH)
Batting: SHB Rodrigo Mendoza 0-0: Ball
1-0: Ball
2-0: Swinging Strike
2-1: Foul Ball, location: 2F
2-2: Ground out 6-3 (Groundball, 6, EV 88.1 MPH)
Settan Nakamura to third
Batting: RHB Terry Oetker 0-0: Fly out, F8 (Flyball, 78M, EV 92.5 MPH)
Bottom of the 6th over - 0 runs, 1 hit, 0 errors, 1 left on base; Paris 2 - Winnipeg 5
TOP OF THE 7TH
Paris Cubs batting - Pitching for Winnipeg Goldeyes : RHP Gregg Edwards
Pitching: RHP Chris Buschke
Pinch Hitting: LHB Tyler Schuettler 0-0: Ball
1-0: Ball
2-0: Called Strike
2-1: Foul Ball, location: 2F
2-2: Foul Ball, location: 2F
2-2: Strikes out swinging, 2-3 out at first.
Batting: LHB Cameron Marinelli 0-0: Ball
1-0: Ball
2-0: Ball
3-0: Called Strike
3-1: Called Strike
3-2: Base on Balls
Batting: RHB Jason Banks 0-0: Called Strike
0-1: Swinging Strike
0-2: Strikes out swinging
Batting: LHB Bobby Marlatt 0-0: Foul Ball, location: 2F
0-1: SINGLE (Line Drive, 78S, EV 96.9 MPH)
Cameron Marinelli to second
Runner from 2nd tries for 3rd, SAFE, no throw by LF
Batting: RHB Mike Prado 0-0: Ball
1-0: Foul Ball, location: 2F
1-1: Foul Ball, location: 2F
1-2: Ball
2-2: Foul Ball, location: 2F
2-2: Ball
3-2: Ground out 5-3 (Groundball, 5L, EV 86.9 MPH)
Top of the 7th over - 0 runs, 1 hit, 0 errors, 2 left on base; Paris 2 - Winnipeg 5
BOTTOM OF THE 7TH
Winnipeg Goldeyes batting - Pitching for Paris Cubs : RHP Steve Flynn
Now in RF: Zach Martin
Batting: SHB Victor Turrubiate 0-0: Foul Ball, location: 2F
0-1: Foul Ball, location: 2F
0-2: SINGLE (Line Drive, 9S, EV 107.5 MPH)
Batting: RHB Itocravo Arrochela 0-0: Called Strike
0-1: Called Strike
0-2: Strikes out swinging
Batting: RHB Mike Berzins 0-0: Foul Ball, location: 2F
0-1: Swinging Strike
0-2: Ball
1-2: Ball
2-2: Fly out, F2 (Popup, 23F, EV 88.8 MPH)
Batting: SHB Tim Lloyd 0-0: Called Strike
0-1: Swinging Strike
0-2: Foul Ball, location: 2F
0-2: Ball
1-2: Ball
2-2: Foul Ball, location: 2F
2-2: Strikes out swinging
Bottom of the 7th over - 0 runs, 1 hit, 0 errors, 1 left on base; Paris 2 - Winnipeg 5
TOP OF THE 8TH
Paris Cubs batting - Pitching for Winnipeg Goldeyes : RHP Chris Buschke
Batting: RHB Willie Rubio 0-0: Ball
1-0: Ball
2-0: Ball
3-0: Base on Balls
Pinch Hitting: LHB Don Crockett 0-0: Ball
1-0: Swinging Strike
1-1: SINGLE (Groundball, 4MD, EV 100.0 MPH)
Willie Rubio to second
Runner from 2nd tries for 3rd, SAFE, no throw by CF
Batting: LHB Jeremy Rideout 0-0: Fly out, F6 (Popup, 6, EV 72.5 MPH)
Batting: LHB David Mendez 0-0: Ball
1-0: Called Strike
1-1: SINGLE (Groundball, 6D, EV 96.2 MPH)
Willie Rubio scores
Don Crockett to second
Pitching: RHP Tommy Delzeit
Pinch Runner at 2nd Victor Torres:
Batting: LHB Zach Martin 0-0: Ball
1-0: Called Strike
1-1: Foul Ball, location: 2F
1-2: Ball
2-2: Strikes out swinging
Batting: LHB Cameron Marinelli 0-0: Ball
1-0: Ball
2-0: Fly out, F8 (Flyball, 8RM, EV 89.4 MPH)
Top of the 8th over - 1 run, 2 hits, 0 errors, 2 left on base; Paris 3 - Winnipeg 5
BOTTOM OF THE 8TH
Winnipeg Goldeyes batting - Pitching for Paris Cubs : RHP Steve Flynn
Pitching: RHP Carsten Kosters
Now at 3B: Jorge Robles
Batting: RHB Yu-zeng Mai 0-0: Called Strike
0-1: Foul Ball, location: 2F
0-2: Foul Ball, location: 2F
0-2: Foul Ball, location: 2F
0-2: Ball
1-2: Strikes out swinging
Batting: RHB Justin Palko 0-0: Called Strike
0-1: Ball
1-1: Foul Ball, location: 2F
1-2: Foul Ball, location: 2F
1-2: Ball
2-2: Foul Ball, location: 2F
2-2: Strikes out swinging
Batting: RHB Settan Nakamura 0-0: Ball
1-0: Ball
2-0: Swinging Strike
2-1: Foul Ball, location: 2F
2-2: Foul Ball, location: 2F
2-2: Foul Ball, location: 2F
2-2: Strikes out swinging
Bottom of the 8th over - 0 runs, 0 hits, 0 errors, 0 left on base; Paris 3 - Winnipeg 5
TOP OF THE 9TH
Paris Cubs batting - Pitching for Winnipeg Goldeyes : RHP Tommy Delzeit
Now at 1B: Fernando Membreno
Now at SS: Alejandro de Jesus
Batting: RHB Jason Banks 0-0: Swinging Strike
0-1: Swinging Strike
0-2: Foul Ball, location: 2F
0-2: Ball
1-2: Ball
2-2: SOLO HOME RUN (Flyball, 7D, EV 99.4 MPH), Distance : 389 ft
Batting: LHB Bobby Marlatt 0-0: Ball
1-0: Ball
2-0: SOLO HOME RUN (Flyball, 89XD, EV 113.1 MPH), Distance : 460 ft
Batting: RHB Mike Prado 0-0: Ball
1-0: Ball
2-0: SINGLE (Groundball, 56D, EV 106.2 MPH)
Batting: RHB Willie Rubio 0-0: Ball
1-0: Called Strike
Pickoff Throw by Catcher to First - Out!
1-1: Ball
2-1: Foul Ball, location: 2F
2-2: Strikes out swinging, 2-3 out at first.
Pinch Hitting: SHB Shiroku Waki 0-0: Called Strike
0-1: Foul Ball, location: 2F
0-2: DOUBLE (Flyball, 89D, EV 86.2 MPH)
Batting: LHB Jeremy Rideout 0-0: Swinging Strike
0-1: Ball
1-1: Ball
2-1: DOUBLE (Line Drive, 5D, EV 96.9 MPH)
Shiroku Waki scores
Pitching: RHP Blake Rhoderick
Batting: LHB David Mendez 0-0: Ball
1-0: Ground out U3 (Groundball, 3, EV 85.6 MPH)
Top of the 9th over - 3 runs, 5 hits, 0 errors, 1 left on base; Paris 6 - Winnipeg 5
BOTTOM OF THE 9TH
Winnipeg Goldeyes batting - Pitching for Paris Cubs : RHP Carsten Kosters
Pitching: RHP Justin Rodrigues
Now at 3B: Bobby DiBona
Batting: SHB Rodrigo Mendoza 0-0: Ball
1-0: Called Strike
1-1: Called Strike
1-2: Foul Ball, location: 2F
1-2: Strikes out swinging
Pinch Hitting: LHB Dave Bertheau 0-0: Called Strike
0-1: Called Strike
0-2: Ball
1-2: Ball
2-2: Ball
3-2: Fly out, F8 (Flyball, 8RM, EV 86.9 MPH)
Batting: SHB Victor Turrubiate 0-0: Ball
1-0: Called Strike
1-1: Swinging Strike
1-2: Foul Ball, location: 2F
1-2: Foul Ball, location: 2F
1-2: Foul Ball, location: 2F
1-2: SINGLE (Groundball, 5S, EV 63.8 MPH) (infield hit)
Pinch Hitting: SHB Nadhir Umayr 0-0: Ball
1-0: Ball
2-0: Ball
3-0: Base on Balls
Victor Turrubiate to second
Batting: RHB Mike Berzins 0-0: Ball
1-0: Foul Ball, location: 2F
1-1: Foul Ball, location: 2F
1-2: Foul Ball, location: 2F
1-2: Ball
2-2: Ball
3-2: Fly out, F8 (Flyball, 8LS, EV 93.8 MPH)
Bottom of the 9th over - 0 runs, 1 hit, 0 errors, 2 left on base; Paris 6 - Winnipeg 5
Sunday, July 16th , 2023 - OOTP Baseball 24.6 Build 69